AoeStats
← Khudalzk

Nomad

507896615Analyzed
2v2 RM · 13d ago on Sep 20, 2026· 71m 46s· 4 players
Game mode
Random Map
Map size
176×176
Population
200
Speed
Normal
Resources
Standard
Victory
Conquest
Starting age
Dark Age
Ending age
Imperial Age
RankedLock teamsTeams togetherTeam positionsShared explorationLock speedFull tech treeHidden civsTurbo modeCheats
Victory
Defeat
🇨🇿 Poles · Czechia
836
+17
🇨🇿 Malay · Czechia
812
+18
🇲🇽 Huns · Mexico
882
-18
🇺🇸 Lithuanians · United States
839
-17
jkjunkmailreader
4:18 Loom
15:47 Feudal Age
16:17 Double-Bit Axe
16:26 Fishing Lines
24:05 Castle Age
23:08 Stone Mining
23:08 Gold Mining
25:12 Bow Saw
25:08 Husbandry
25:19 Bloodlines
26:19 Stone Shaft Mining
26:24 Gillnets
27:12 Scale Barding Armor
27:19 Forging
30:32 Medium Warships
31:52 Wheelbarrow
33:47 Hand Cart
39:04 Imperial Age
37:22 Pikeman
38:17 Fletching
39:03 Iron Casting
38:49 Chain Barding Armor
39:18 Squires
39:03 Treadmill Crane
41:17 Chemistry
40:29 Clinker Construction
40:29 Careening
40:53 Heavy Warships
40:57 Bodkin Arrow
42:16 Plate Barding Armor
41:26 Halberdier
43:13 Murder Holes
43:28 Masonry
43:40 Ballistics
43:41 Carvel Hull
43:51 Conscription
43:13 Elite Cannon Galleon
44:02 Arson
45:26 Hoardings
45:56 Elite Leitis
46:45 Scale Mail Armor
50:42 Town Watch
51:14 Chain Mail Armor
51:40 Town Patrol
54:21 Architecture
55:04 Bracer
58:32 Tower Shields
61:40 Two-Man Saw
ericrjp71
5:02 Loom
16:23 Feudal Age
honza.pokorny25
16:58 Feudal Age
19:04 Man-at-Arms
19:58 Fishing Lines
21:23 Horse Collar
23:12 Wheelbarrow
28:06 Castle Age
26:35 Bloodlines
26:34 Scale Barding Armor
26:29 Scale Mail Armor
30:20 Husbandry
29:40 Light Cavalry
38:24 Imperial Age
36:08 Heavy Plow
37:47 Pikeman
38:28 Squires
37:48 Long Swordsman
38:45 Double-Bit Axe
40:13 Bow Saw
39:28 Cavalier
40:18 Two-Handed Swordsman
42:31 Chain Barding Armor
42:27 Chain Mail Armor
43:07 Capped Ram
45:40 Szlachta Privileges
46:15 Lechitic Legacy
50:43 Plate Mail Armor
50:24 Forging
52:00 Caravan
52:31 Coinage
51:33 Siege Ram
52:16 Winged Hussar
54:27 Onager
61:30 Iron Casting
60:46 Fletching
60:47 Elite Obuch
61:01 Sappers
64:28 Champion
Khudalzk
9:41 Loom
15:30 Feudal Age
15:00 Fishing Lines
15:30 Town Watch
16:37 Double-Bit Axe
17:35 Fletching
21:05 Horse Collar
29:00 Castle Age
27:45 Wheelbarrow
30:18 Bodkin Arrow
30:36 Forging
30:13 Man-at-Arms
30:54 Squires
30:40 Arson
33:09 Long Swordsman
34:27 Heavy Plow
38:05 Imperial Age
37:00 Iron Casting
38:27 Crop Rotation
38:23 Conscription
37:49 Two-Handed Swordsman
39:52 Forced Levy
42:14 Blast Furnace
45:31 Caravan
46:17 Bow Saw
Connection lost

Rejoining the realm…

Still unreachable

The connection could not be restored.

Session expired

The server has moved on; the page needs a fresh start.